cohdb
Replays
Latest Replays
All Replays
Popular Replays
Top Player Replays
Match Explorer
How It Works
Community
CoH3 Stats
Reddit
Sign in to upload your games and track your stats! →
Sign in with Steam
Match 40920162
Unlisted
Match 40920162
Overview
Messages
Build Orders
End
Construct Barracks
Selects Heavy Weapons
Riflemen Squad
Riflemen Squad
Riflemen Squad
Construct Weapon Support Center
Mechanized Support Center
Grenade Package
Riflemen Squad
Selects M2HB .50cal Heavy Machine Gun
M1919 Machine Gun Team
Construct Medical Station
Selects Assault Carriers
M1918 Browning Automatic Rifles
M3 Assault Carrier
Designate Forward Repair Station
M3 Assault Carrier
M3 Assault Carrier
Selects Exchangeable Parts
Designate Forward Repair Station
M1 Mortar Team
M1 Mortar Team
Construct Tank Depot
M4A1 76mm Conversion
Improvised Armor
Engineer Squad
M4A1(76) Sherman Medium Tank
Prime
alicece2
Lyara
Para_Spoon
FocusFuelOrFaceMyWrath
!BlackSteel
Voodoo408
Skorzeny
0
0
Comments
sign in to comment!
No comments posted yet!